 Dungeon Crawl Stone Soup version 0.19-a0-1732-g0b18a7b (webtiles) character file.

431 4thArraOfDagon the Ducker (level 6, -9/47 HPs)
             Began as a Vampire Monk on Sept 30, 2016.
             Killed by divine providence
             ... invoked by an orc priest
              (14 damage)
             ... on level 7 of the Dungeon.
             The game lasted 00:04:12 (996 turns).

4thArraOfDagon the Ducker (Vampire Monk)             Turns: 996, Time: 00:04:12

Health: -9/47      AC: 11    Str: 15    XL:     6   Next: 67%
Magic:  6/6        EV:  6    Int: 17    God:
Gold:   105        SH:  0    Dex: 19    Spells: 0 memorised, 5 levels left

rFire  . . .     SeeInvis +     k - +7 quarterstaff "Xip Qial" {speed, Str+5 Int+5}
rCold  . . .     Gourm    .     h - +0 plate armour
rNeg   . . .     Faith    .     (shield currently unavailable)
rPois  .         Spirit   .     (no helmet)
rElec  .         Dismiss  .     (no cloak)
rCorr  .         Reflect  .     (no gloves)
MR     .....     Harm     .     (no boots)
Stlth  ..........               (no amulet)
                                (no ring)
                                (no ring)

@: regenerating quickly
A: fangs 3, see invisible, unbreathing
a: no special abilities


You were on level 7 of the Dungeon.
You were very full.

You visited 1 branch of the dungeon, and saw 7 of its levels.

You collected 105 gold pieces.

Inventory:

Hand Weapons
 a - a +1 falchion
 k - the +7 quarterstaff "Xip Qial" (weapon) {speed, Str+5 Int+5}
   (You found it on level 5 of the Dungeon)

   Attacks with this weapon are significantly faster.
   It affects your strength (+5).
   It affects your intelligence (+5).
Armour
 b - a +0 robe
 e - a +1 ring mail of magic resistance
 h - a +0 plate armour (worn)
Scrolls
 g - 2 scrolls of remove curse
 i - a scroll of identify
 j - 2 scrolls of enchant weapon
Potions
 c - a potion of cure mutation
 d - a potion of flight
 f - a potion of blood


   Skills:
 - Level 3.3 Fighting
 - Level 4.0 Long Blades
 * Level 2.9 Staves
 + Level 2.6 Armour
 + Level 4.6 Dodging
 - Level 3.0 Stealth


You had 5 spell levels left.
You didn't know any spells.

Dungeon Overview and Level Annotations

Branches:
Dungeon (7/15)
 Temple: D:4-7

Altars:
Makhleb

Annotations:
D:5 Amnesiac's ghost, amateur OgMo


Innate Abilities, Weirdness & Mutations

Your natural rate of healing is unusually fast.
You have razor-sharp teeth.
You have supernaturally acute eyesight. (SInv)
You can survive without breathing.


Message History

You aren't carrying any items that you can evoke.
Okay, then.
Okay, then.
Unknown command.
You sock the orc warrior!
The orc warrior is moderately wounded.
You sock the orc warrior!
The orc warrior is severely wounded.
The orc warrior hits you with a scimitar!
You hit the orc warrior but do no damage.
The orc warrior is severely wounded.
You closely miss the orc warrior.
The orc warrior is severely wounded.
The orc warrior hits you with a scimitar!
* * * LOW HITPOINT WARNING * * *
You barely miss the orc warrior.
The orc warrior is severely wounded.
The orc priest calls down the wrath of Beogh upon you.
Beogh smites you!
You die...

#..........
########.#########
#........#
#.######## #.# #.#
#.# #.# #@# #o#
#o# .o# ###


You could see an orc warrior, an orc priest and an orc.

Vanquished Creatures
  A phantom (D:7)
  A bullfrog (D:7)
  3 killer bees (D:7)
  A crimson imp (D:6)
  An orc priest (D:4)
  2 adders (D:2)
  A shadow imp (D:7)
  A leopard gecko (D:1)
  8 orcs
  A bat (D:1)
  4 giant cockroaches
  2 goblins (D:3)
  2 hobgoblins
  A quokka (D:7)
  2 frilled lizards
  3 kobolds
34 creatures vanquished.

Vanquished Creatures (others)
  An orc wizard (D:4)
1 creature vanquished.

Grand Total: 35 creatures vanquished

Notes
Turn   | Place    | Note
-------+----------+-------------------------------------------
     0 | D:1      | 4thArraOfDagon the Vampire Monk began the quest for the Orb.
     0 | D:1      | Reached XP level 1. HP: 17/17 MP: 1/1
   112 | D:1      | Reached XP level 2. HP: 13/23 MP: 2/2
   257 | D:2      | Reached skill level 1 in Armour
   284 | D:3      | Reached XP level 3. HP: 23/29 MP: 3/3
   491 | D:4      | Reached XP level 4. HP: 28/35 MP: 4/4
   552 | D:5      | Entered Level 5 of the Dungeon
   560 | D:5      | Got a scorched quarterstaff
   569 | D:5      | Noticed Amnesiac's ghost (amateur OgMo)
   599 | D:6      | Identified the +7 quarterstaff "Xip Qial" {speed, Str+5 Int+5} (You found it on level 5 of the Dungeon)
   641 | D:6      | Reached XP level 5. HP: 34/41 MP: 5/5
   670 | D:7      | Found a burning altar of Makhleb.
   685 | D:7      | Reached skill level 1 in Staves
   704 | D:7      | HP: 2/41 [poisoned by a killer bee]
   710 | D:7      | HP: 2/41 [poisoned by a killer bee]
   813 | D:7      | Noticed a phantom
   833 | D:7      | Reached XP level 6. HP: 35/47 MP: 6/6
   989 | D:7      | Noticed an orc warrior
   996 | D:7      | Killed from afar by an orc priest

Vault maps used:
D:1:      roderic_octagonal_star, hangedman_abyss_or_decor_lesser_grid
D:2:      old_standard_altar, uniq_terence
D:3:      lemuel_round_altar, nicolae_ru_sacrificial_ziggurat,
          lemuel_angel_altar
D:4:      grunt_temple_overflow_gold_and_silver, lemuel_doored_altar,
          serial_shops, shop
D:5:      lemuel_round_altar, led_xom_imps, first_bread, amethyst_killhole,
          kennysheep_generic_room_3, uniq_blork_the_orc
D:6:      fountainhead
D:7:      nicolae_overflow_hidden_temple, uniq_menkaure

Skill      XL: |  1  2  3  4  5 |
---------------+----------------+-----
Fighting       | 3 |  3.3
Armour         | 1 2 |  2.6
Long Blades    | 4 |  4.0
Staves         | 2 |  2.9
Dodging        | 4 |  4.6
Stealth        | |  3.0

Action                   |  1- 3 |  4- 6 || total
-------------------------+-------+-------++-------
Melee: Falchion          |   100 |    17 ||   117
       Bite              |    11 |     5 ||    16
       Quarterstaff      |       |    42 ||    42
  Use: Potion            |     3 |     5 ||     8
       Scroll            |       |     3 ||     3
 Stab: Sleeping          |     1 |       ||     1
  Eat: Corpse            |     6 |     1 ||     7
Armor: Robe              |     3 |       ||     3
       Plate armour      |    85 |    38 ||   123
Dodge: Dodged            |    16 |     8 ||    24
